 Dungeon Crawl Stone Soup version 0.30.1-9-gdf580d7c3d (webtiles) character file.

Game seed: 5706291474264467906

23 lonewolfV2 the Trooper (level 2, -1/24 HPs)
             Began as a Demonspawn Chaos Knight on Oct 24, 2023.
             Was a Plaything of Xom.
             Slain by a gnoll
             ... wielding a +0 spear
              (6 damage)
             ... on level 1 of the Dungeon.
             The game lasted 00:00:47 (416 turns).

lonewolfV2 the Trooper (Demonspawn Chaos Knight)     Turns: 416, Time: 00:00:48

Health: -1/24      AC:  5    Str: 12    XL:     2   Next: 72%
Magic:  2/2        EV: 11    Int: 13    God:    Xom [*.....]
Gold:   28         SH:  0    Dex: 12    Spells: 1/1 levels left

rFire   . . .        a - +0 hand axe (chaos)
rCold   . . .        (no shield)
rNeg    . . .        b - +2 leather armour
rPois   .            (no helmet)
rElec   .            (no cloak)
rCorr   .            (no gloves)
SInv    .            (no boots)
Will    .....        (no amulet)
Stlth   +            (no ring)
HPRegen 0.24/turn    (no ring)
MPRegen 0.08/turn

%: no passive effects
@: no status effects
A: demonic magic 1
a: Renounce Religion


You were on level 1 of the Dungeon.
You worshipped Xom.
You were a special plaything of Xom.
You visited 1 branch of the dungeon, and saw 1 of its levels.

You collected 28 gold pieces.

Inventory:

Hand Weapons
 a - a +0 hand axe of chaos (weapon)
Armour
 b - a +2 leather armour (worn)
Scrolls
 d - a scroll of identify {unknown}
 e - a scroll of enchant weapon {unknown}
 f - a scroll of fear {unknown}
 g - a scroll of enchant armour {unknown}
 h - 2 scrolls of immolation {unknown}
 i - a scroll of summoning {unknown}
 j - a scroll of teleportation {unknown}
Potions
 k - a potion of curing {unknown}
Miscellaneous
 c - a piece from Xom's chessboard (15/15) (quivered)


   Skills:
 + Level 3.2 Fighting
 + Level 3.0 Axes
 + Level 2.1 Armour
 + Level 1.3 Dodging


You had one spell level left.
You didn't know any spells.
Your spell library was empty.

Dungeon Overview and Level Annotations

Branches:
Dungeon (1/15)

Altars:


Innate Abilities, Weirdness & Mutations

Spells you cast may paralyse adjacent enemies.


Message History

A bat is nearby!
The bat barely misses you. The bat barely misses you.
Okay, then.
You hit the bat.
You kill the bat!
Your Axes skill increases to level 3!
No target in view!
No target in view!
No target in view!
A gnoll comes into view. It is wielding a +0 spear.
The gnoll shouts!
A gnoll is nearby!
A gnoll is nearby!
A gnoll is nearby!
The gnoll hits you with a +0 spear!
You barely miss the gnoll. The gnoll hits you with a +0 spear.
You hit the gnoll.
The gnoll suddenly seems more resistant.
The gnoll is moderately wounded.
The gnoll barely misses you.
You hit the gnoll.
The gnoll is severely wounded.
The gnoll hits you with a +0 spear.
You hit the gnoll.
The gnoll is almost dead.
The gnoll hits you with a +0 spear.
You hit the gnoll but do no damage.
The gnoll is almost dead.
The gnoll closely misses you.
You hit the gnoll.
The gnoll is almost dead.
The gnoll misses you.
You completely miss the gnoll.
The gnoll is almost dead.
The gnoll hits you with a +0 spear!
* * * LOW HITPOINT WARNING * * *
The gnoll hits you with a +0 spear.
You die... "Huh?
Did I miss anything?"

.....#######.......#.#...####.##.
.##..# #....................#.
.....# ###........#.###.#####.#.
....)# ............#.# #.# #.#.
.##..#..##.........#.# #.#####.#.
.##................#.###.........
.###....##.........#..)..........
.# ###..##.........#####.#####.#.
.#####.........g@..#...#.# #.#.
.......###..#######....#.# #.##
#.###### ............#.# #.##
8.8.#### ########..†.#.# #.##
.....8.### #......# #.##
.........# #..##..# #.##
#####..8.# #..##..#####.#.
DthS#....# #####..##........#.
#####..8.# ##......###.........


You could see a gnoll (resistant).

Vanquished Creatures
  A gnoll (D:1)
  3 endoplasms (D:1)
  A goblin (D:1)
  A quokka (D:1)
  2 ball pythons (D:1)
  2 bats (D:1)
  2 frilled lizards (D:1)
  A rat (D:1)
13 creatures vanquished.

Notes
Turn   | Place    | Note
-------+----------+-------------------------------------------
     0 | D:1      | lonewolfV2 the Demonspawn Chaos Knight began the quest for
                  | the Orb.
     0 | D:1      | Reached XP level 1. HP: 18/18 MP: 1/1
     6 | D:1      | Noticed a snapping turtle
     6 | D:1      | Noticed a polar bear
     6 | D:1      | Noticed a water moccasin
     7 | D:1      | Noticed a hound
     7 | D:1      | Noticed a four-headed hydra
    80 | D:1      | Reached skill level 1 in Dodging
   170 | D:1      | XOM: divination: detect items
   172 | D:1      | Gained mutation: Spells you cast may paralyse adjacent
                  | enemies. [demonic ancestry]
   172 | D:1      | Reached XP level 2. HP: 22/24 MP: 2/2
   416 | D:1      | Slain by a gnoll

Illustrated notes

Levels and vault maps discovered:
D:1:      onia_arrival_zoo_common, layout_basic, minmay_tetromino_s4

Skill      XL: |  1  2 |
---------------+-------+-----
Dodging        | 1 |  1.3
Armour         | 2 |  2.1
Axes           | 3 |  3.0
Fighting       | |  3.2

Action                     || total
---------------------------++-------
  Melee: Hand axe          ||    37
 Armour: Leather armour    ||    14
  Dodge: Dodged            ||    35
